 Dungeon Crawl Stone Soup version 0.17-a0-1397-g0eee0a3 (webtiles) character file.

571 Kidiri the Sneak (level 7, 0/32 HPs)
             Began as a Spriggan Enchanter on June 17, 2015.
             Killed from afar by Blork the orc (5 damage)
             ... with a puff of flame
             ... on level 4 of the Dungeon.
             The game lasted 00:32:14 (3953 turns).

Kidiri the Sneak (Spriggan Enchanter)               Turns: 3953, Time: 00:32:15

Health: 0/32       AC:  4    Str:  4    XL:     7   Next: 12%
Magic:  1/15       EV: 16    Int: 17    God:
Gold:   88         SH:  0    Dex: 18    Spells: 5 memorised, 3 levels left

rFire  . . .     SeeInvis +     j - +0 dagger (speed)
rCold  . . .     Clarity  .     b - +2 robe
rNeg   . . .     SustAt   .     (shield restricted)
rPois  .         Gourm    .     (helmet restricted)
rElec  .         Spirit   .     (no cloak)
rCorr  .         Warding  .     (gloves unavailable)
rMut   .         Stasis   .     (boots unavailable)
MR     +....                    (no amulet)
Stlth  ++++......               (no ring)
                                (no ring)

@: very quick, somewhat resistant to hostile enchantments, stealthy
A: unfitting armour, see invisible, herbivore 3, speed 3, slow metabolism 2
a: no special abilities


You were on level 4 of the Dungeon.
You were not hungry.

You visited 1 branch of the dungeon, and saw 4 of its levels.

You collected 88 gold pieces.

Inventory:

Hand weapons
 a - a +2 dagger
 j - a +0 dagger of speed (weapon)
Armour
 b - a +2 robe (worn)
Magical devices
 l - a wand of digging (8)
 q - a wand of hasting (0)
Scrolls
 e - 2 scrolls of magic mapping
 g - 2 scrolls of remove curse
 k - a scroll of recharging {unknown}
Potions
 f - a potion of curing {unknown}
 h - a potion of degeneration {unknown}
 i - a potion of heal wounds
Books
 c - a book of Maledictions

   Spells                             Type                      Level
   a - Corona                         Hexes                        1
   b - Ensorcelled Hibernation        Hexes/Ice                    2
   c - Confuse                        Hexes                        3
   d - Tukima's Dance                 Hexes                        3
   e - Dazzling Spray                 Conjuration/Hexes            3
Comestibles
 d - 3 bread rations


   Skills:
 + Level 2.8 Short Blades
 * Level 5.7 Dodging
 * Level 7.5 Stealth
 * Level 4.7 Spellcasting
 + Level 0.2 Conjurations
 + Level 4.8 Hexes
 + Level 1.6 Ice Magic


You had 3 spell levels left.
You knew the following spells:

 Your Spells              Type           Power        Failure   Level  Hunger
a - Corona                Hex            ###....      1%          1    None
b - Ensorcelled Hibernat  Hex/Ice        ###...       10%         2    #......
c - Confuse               Hex            ###.....     8%          3    ###....
d - Tukima's Dance        Hex            ###.....     8%          3    ###....
e - Dazzling Spray        Conj/Hex       ##......     17%         3    ###....


Dungeon Overview and Level Annotations

Branches:
Dungeon (4/15)
 Temple: D:4-7

Altars:
Qazlal
Yredelemnul

Annotations:
D:4 Blork the orc


Innate Abilities, Weirdness & Mutations

You are tiny and cannot use many weapons and most armour.
You have supernaturally acute eyesight.
You are a herbivore.
You cover ground extremely quickly.
You need consume almost no food.


Message History

Press: ? - help, Shift-Dir - straight line, f - Blork the orc
Aim: Blork the orc, wielding a trident and wearing a robe (fast, slightly transparent, chance to defeat MR: 46%) Blork the orc resists with some effort.
Blork the orc points at you and mumbles some strange words.
The puff of frost misses you.
You see here 15 arrows.
Found 11 gold pieces.
Found a scroll of remove curse.
Blork the orc closely misses you.
Found a stone staircase leading up.
Blork the orc gestures at you while chanting.
The magic dart hits you! Blork the orc casts a spell at you.
The puff of frost hits you!
There is a stone staircase leading up here.
Blork the orc hits you from afar with a trident!
* * * LOW HITPOINT WARNING * * *
Blork the orc casts a spell at you. The puff of flame hits you!
You die...

...# #.....#
#........# ####
#.....# #........#
######.....#
#........#
#.....######
#.....$..# #.....#
##.####### #.....#
#.# ......## #o#
#......# #.# ##)##.##
#@# ##)#.# #########
.#..######....#######
....)........%.......
...#.#.###....#######
.(.##.)# #........
.(.. .)# ####.####
#..# #.. ...# #..#
#+#. ...#


You could see Blork the orc (invisible).

Vanquished Creatures
  2 ogres (D:4)
  2 orc priests
  A hound (D:4)
  An iguana (D:4)
  Natasha (thrice) (D:2)
  4 orc wizards
  5 adders
  2 worms (D:2)
  A giant gecko (D:1)
  17 orcs
  2 ball pythons
  6 goblins
  8 hobgoblins
  15 jackals
  7 bats
  4 giant cockroaches
  3 giant newts
  6 kobolds
  A quokka (D:2)
  10 rats
100 creatures vanquished.

Notes
Turn   | Place    | Note
--------------------------------------------------------------
     0 | D:1      | Kidiri the Spriggan Enchanter began the quest for the Orb.
     0 | D:1      | Reached XP level 1. HP: 9/9 MP: 5/5
   308 | D:1      | Reached XP level 2. HP: 13/13 MP: 4/6
   312 | D:1      | Learned a level 2 spell: Ensorcelled Hibernation
   810 | D:1      | Reached skill level 5 in Stealth
  1060 | D:2      | Reached XP level 3. HP: 16/16 MP: 8/8
  1065 | D:2      | Learned a level 3 spell: Confuse
  1163 | D:2      | Noticed Natasha
  1166 | D:2      | Killed Natasha
  1166 | D:2      | Reached XP level 4. HP: 21/21 MP: 8/10
  1173 | D:2      | Learned a level 3 spell: Tukima's Dance
  1321 | D:2      | Found a basalt altar of Yredelemnul.
  1380 | D:2      | Found a stormy altar of Qazlal.
  1411 | D:2      | Noticed Natasha
  1418 | D:2      | Killed Natasha
  1522 | D:2      | Noticed Natasha
  1538 | D:2      | Killed Natasha
  1972 | D:3      | Reached skill level 6 in Stealth
  2141 | D:3      | Reached XP level 5. HP: 21/24 MP: 4/11
  2980 | D:3      | Reached skill level 1 in Ice Magic
  3221 | D:3      | Reached XP level 6. HP: 28/28 MP: 8/13
  3455 | D:4      | Reached skill level 5 in Dodging
  3462 | D:4      | Upgraded the game from 0.17-a0-1393-gcb420ff to 0.17-a0-1397-g0eee0a3
  3497 | D:4      | Reached skill level 7 in Stealth
  3602 | D:4      | Learned a level 3 spell: Dazzling Spray
  3905 | D:4      | Noticed Blork the orc
  3915 | D:4      | Reached XP level 7. HP: 32/32 MP: 0/15
  3953 | D:4      | Killed from afar by Blork the orc

Vault maps used:
D:1:      scummos_arrival_hexagon
D:2:      lemuel_round_altar, nicolae_qazlal_general_emergency, uniq_natasha
D:3:      first_bread, st_stairs_9
D:4:      lemuel_round_altar, uniq_blork_the_orc, uniq_pikel

Action                   |  1- 3 |  4- 6 |  7- 9 || total
-------------------------+-------+-------+-------++-------
Melee: Dagger            |    61 |   279 |       ||   340
 Cast: Corona            |     4 |     7 |       ||    11
       Ensorcelled Hiber |    10 |    71 |     1 ||    82
       Confuse           |       |     3 |       ||     3
  Use: Scroll            |       |    11 |       ||    11
       Potion            |       |     1 |       ||     1
 Stab: Sleeping          |    17 |    42 |       ||    59
       Distracted        |       |     2 |       ||     2
       Confused          |       |     1 |       ||     1
  Eat: Fruit             |       |     7 |       ||     7
